 Dungeon Crawl Stone Soup version 0.30-a0-879-ga8ba668304 (webtiles) character file.

Game seed: 16295961742216396890

63 sircluck the Slasher (level 3, 0/31 HPs)
             Began as a Minotaur Gladiator on Mar 13, 2023.
             Slain by an ogre
             ... wielding a +0 giant club
              (6 damage)
             ... on level 4 of the Dungeon.
             The game lasted 00:03:54 (1920 turns).

sircluck the Slasher (Minotaur Gladiator)           Turns: 1920, Time: 00:03:56

Health: 0/31       AC:  4    Str: 20    XL:     3   Next: 87%
Magic:  2/2        EV: 12    Int:  5    God:
Gold:   165        SH:  0    Dex: 11    Spells: 2/2 levels left

rFire   + . .      SeeInvis .    a - +0 long sword
rCold   + . .      Faith    .    (no shield)
rNeg    . . .      Spirit   .    b - +0 leather armour
rPois   .          Reflect  .    c - +0 hat
rElec   .          Rampage  .    q - scarf {rC+ rF+}
rCorr   .                        g - +0 pair of gloves
Will    .....                    (no boots)
Stlth   +                        (no amulet)
HPRegen 0.25/turn                (no ring)
MPRegen 0.08/turn                (no ring)

@: no status effects
A: horns 2, retaliatory headbutt
a: no special abilities


You were on level 4 of the Dungeon.
You visited 1 branch of the dungeon, and saw 5 of its levels.

You collected 165 gold pieces.

Inventory:

Hand Weapons
 a - a +0 long sword (weapon)
 s - a +1 heavy quarterstaff
Missiles
 d - 3 throwing nets (quivered)
 e - 6 javelins
 m - 43 stones
Armour
 b - a +0 leather armour (worn)
 c - a +0 hat (worn)
 g - a +0 pair of gloves (worn)
 q - a scarf of resistance (worn)
 t - an orb of guile
Jewellery
 v - an amulet of guardian spirit
Scrolls
 f - a scroll of poison {unknown}
 j - a scroll of blinking {unknown}
 k - a scroll of vulnerability {unknown}
 l - a scroll of acquirement {unknown}
 u - a scroll of enchant armour {unknown}
Potions
 h - 2 potions of resistance {unknown}
 i - a potion of cancellation {unknown}
 n - a potion of might {unknown}
 o - a potion of lignification {unknown}
 p - a potion of ambrosia {unknown}
 r - a potion of heal wounds {unknown}


   Skills:
 + Level 3.1 Fighting
 + Level 4.4 Long Blades
 + Level 2.0 Throwing
 + Level 1.2 Armour
 + Level 4.1 Dodging


You had 2 spell levels left.
You didn't know any spells.
Your spell library was empty.

Dungeon Overview and Level Annotations

Branches:
Dungeon (5/15)
 Temple: D:4-7

Altars:
Qazlal


Innate Abilities, Weirdness & Mutations

You have a pair of horns on your head.
You reflexively headbutt those who attack you in melee.


Message History

You're too confused to move!
The hobgoblin hits you but does no damage.
You bump into the rock wall.
The hobgoblin barely misses you.
You closely miss the hobgoblin. You headbutt the hobgoblin.
You kill the hobgoblin!
You hear some strange, mumbled words.
You are more confused.
You bump into the rock wall.
Something barely misses you. The hobgoblin closely misses you.
You're too confused to move!
Something hits you. The hobgoblin hits you. Something barely misses you.
A magic dart appears from out of thin air!
The magic dart hits you.
The hobgoblin hits you but does no damage.
The hobgoblin hits you.
You completely miss the hobgoblin. Your headbutt misses the hobgoblin.
The hobgoblin hits you.
You completely miss something. You headbutt something.
You feel less confused. Something hits you but does no damage.
The hobgoblin hits you.
You hear some strange, mumbled words.
A puff of flame appears from out of thin air!
The puff of flame hits you. You resist. The hobgoblin attacks as you move away!
The hobgoblin barely misses you. The hobgoblin attacks as you move away!
The hobgoblin hits you but does no damage.
Something hits you. The hobgoblin attacks as you move away!
The hobgoblin hits you but does no damage.
Found 3 stones.
You closely miss something. You headbutt something. The hobgoblin hits you.
You miss something. Your headbutt misses something.
The hobgoblin barely misses you. Something completely misses you.
You closely miss something. The orc closely misses you.
You furiously retaliate!
You headbutt the orc!
You kill the orc!
The hobgoblin closely misses you. You furiously retaliate!
You headbutt the hobgoblin. Something hits you. The hobgoblin hits you.
* * * LOW HITPOINT WARNING * * *
The ogre hits you with a +0 giant club.
You die...

### #.# ##.# ..#
#.#
.############.###
.......@g.......#
.......{O.....#?#
(.######....###.#
#....# #o# #....#
#.# #....# #.#
#....# #.#######
#....# #....O..#
#######o#


You could see an ogre and a hobgoblin.

Vanquished Creatures
  An adder (D:2)
  4 dart slugs
  An orc (D:4)
  8 ball pythons
  6 endoplasms
  A giant cockroach (D:2)
  3 goblins
  3 hobgoblins
  3 quokkas
  5 bats
  A frilled lizard (D:2)
  5 kobolds
  3 rats
44 creatures vanquished.

Vanquished Creatures (others)
  A plant (D:1)
  5 toadstools (D:2)
6 creatures vanquished.

Grand Total: 50 creatures vanquished

Notes
Turn   | Place    | Note
-------+----------+-------------------------------------------
     0 | D:1      | sircluck the Minotaur Gladiator began the quest for the
                  | Orb.
     0 | D:1      | Reached XP level 1. HP: 18/18 MP: 0/0
   127 | D:1      | Reached XP level 2. HP: 23/25 MP: 1/1
   399 | D:1      | Reached XP level 3. HP: 3/30 MP: 2/2
   642 | D:2      | Found a faded altar of an unknown god.
  1029 | D:2      | Reached skill level 1 in Armour
  1728 | D:2      | Found a stormy altar of Qazlal.
  1856 | D:3      | You fall into a shaft and drop 1 floor!
  1875 | D:4      | Noticed an ogre
  1879 | D:5      | Entered Level 5 of the Dungeon
  1920 | D:4      | Slain by an ogre

Illustrated notes

Levels and vault maps discovered:
D:1:      lemuel_arrival_muddy, layout_rooms, minmay_small_reverse_x
D:2:      layout_loops_ring, serial_co_window_serial, co_window_paths_a,
          co_window_paths_b, co_window_paths_a, co_window_paths_a,
          co_window_of_opportunity_a, co_window_paths_b, co_window_corner_a,
          co_window_broadway_b, co_window_cross_3, co_window_broadway_a,
          co_window_broadway_c, co_window_4corner_b,
          shapermc_ecumenical_altar_mp_highgroup, basic_altar,
          minmay_gold_behind_fungi, minmay_tetromino_t2
D:3:      layout_basic
D:4:      layout_basic, mainiacjoe_overflow_alcove_2, st_stairs_13,
          minmay_starry_boxes
D:5:      layout_rooms, minmay_temple_entry_statues_pillars,
          nicolae_take_the_stairs, hangedman_decor_riveting

Skill      XL: |  1  2  3 |
---------------+----------+-----
Long Blades    | 4 |  4.4
Dodging        | 4 |  4.1
Fighting       | 3 |  3.1
Armour         | 1 |  1.2
Throwing       | |  2.0

Action                     || total
---------------------------++-------
  Melee: Long sword        ||   100
         Headbutt          ||    18
   Stab: Sleeping          ||     1
 Armour: Leather armour    ||    46
  Dodge: Dodged            ||    76

Table legend: (Time is in decaauts)
 A = Elapsed time spent in this place.
 B = Non-inter-level travel time spent in this place.
 C = Inter-level travel time spent in this place.
 D = Time resting spent in this place.
 E = Time spent auto-exploring this place.
 F = Levels seen in this place.
 G = Mean time per level.
                   A        B        C        D        E       F      G
               +--------+--------+--------+--------+--------+-----+--------+
         Total |   1941 |   1792 |    149 |      0 |   1295 |   5 |  388.2 |
       Dungeon |   1941 |   1792 |    149 |      0 |   1295 |   5 |  388.2 |
               +--------+--------+--------+--------+--------+-----+--------+

Top non-repeatable levels by time:
     D:2: 1174 daAuts
     D:1: 700 daAuts
     D:4: 63 daAuts
     D:5: 1 daAuts
     D:3: 1 daAuts
